 Dungeon Crawl Stone Soup version 0.28.0-53-g5a82cb258f (webtiles) character file.

Game seed: 8605432704557073277

48 hawla the Magician (level 3, -1/19 HPs)
             Began as a Deep Elf Air Elementalist on June 17, 2022.
             Slain by an adder (4 damage)
             ... on level 2 of the Dungeon.
             The game lasted 00:04:55 (1497 turns).

hawla the Magician (Deep Elf Air Elementalist)      Turns: 1497, Time: 00:04:56

Health: -1/19      AC:  2    Str:  7    XL:     3   Next: 50%
Magic:  6/10       EV: 13    Int: 19    God:
Gold:   46         SH:  0    Dex: 15    Spells: 6/9 levels left

rFire   . . .      SeeInvis .   d - +0 lajatang
rCold   . . .      Faith    .   (shield currently unavailable)
rNeg    . . .      Spirit   .   a - +0 robe
rPois   .          Reflect  .   (no helmet)
rElec   .          Harm     .   (no cloak)
rCorr   .          Rampage  .   (no gloves)
Will    .....                   (no boots)
Stlth   ++........              (no amulet)
HPRegen 0.06/turn               (no ring)
MPRegen 0.12/turn               (no ring)

@: lethally poisoned (-1 -> -10), very slightly contaminated
A: no striking features
a: no special abilities


You were on level 2 of the Dungeon.
You visited 1 branch of the dungeon, and saw 2 of its levels.

You collected 46 gold pieces.

Inventory:

Hand Weapons
 d - a +0 lajatang (weapon)
Armour
 a - a +0 robe (worn)


   Skills:
 + Level 0.1 Fighting
 + Level 0.8 Staves
 + Level 2.7 Dodging
 + Level 2.8 Stealth
 + Level 3.8 Spellcasting
 + Level 1.3 Conjurations
 + Level 3.5 Air Magic


You had 6 spell levels left.
You knew the following spells:

 Your Spells              Type           Power      Damage    Failure   Level
a - Shock                 Conj/Air       48%        1d6       5%          1
b - Static Discharge      Conj/Air       12%        N/A       8%          2

Your spell library contained the following spells:

 Spells                   Type           Power      Damage    Failure   Level
 Swiftness                Air            17%        N/A       10%         3
 Airstrike                Air            8%         N/A       32%         4
 Call Canine Familiar     Summ           3%         N/A       38%         3
 Portal Projectile        Hex/Tloc       6%         N/A       38%         3
 Leda's Liquefaction      Hex/Erth       1%         N/A       80%         4


Dungeon Overview and Level Annotations

Branches:
Dungeon (2/15)

Altars:

Annotations:
D:2 1 runed translucent door, Crazy Yiuf, Sigmund


Message History

The adder is struck by an arc of lightning.
The adder is moderately wounded.
You are struck by an arc of lightning.
The lightning grounds out.
The adder bites you.
You are poisoned.
The adder poisons you! Sigmund barely misses you.
As you read the scroll labelled BUDAAS VE HENT, it crumbles to dust.
It is a scroll of identify.
c - 2 potions of heal wounds You feel sick.
The adder misses you. x2; Sigmund misses you.
You feel much better.
You feel sick. The adder closely misses you.
It was a potion of magic.
Magic courses through your body.
You feel sick. The adder bites you.
You are more poisoned.
The adder poisons you! The rat closely misses you.
Sigmund hits you from afar with a +0 scythe!
Unknown command.
You feel much better.
You feel very sick. The adder completely misses you. The rat misses you.
The rat bites you. The adder barely misses you. Sigmund closely misses you.
Casting: Static Discharge (safe; 8% risk of failure)
Confirm with . or Enter, or press ? or * to list all spells.
The adder is struck by an arc of lightning.
The adder is severely wounded.
The rat is struck by an arc of lightning.
You kill the rat!
The lightning grounds out.
You feel sick. The rat bites you. The adder bites you.
* * * LOW HITPOINT WARNING * * *
You are more poisoned.
The adder poisons you! The ball python misses you. x2
Casting: Static Discharge (safe; 8% risk of failure)
Confirm with . or Enter, or press ? or * to list all spells.
You miscast Static Discharge.
You are very lightly contaminated with residual magic.
Nothing appears to happen.
* * * LOW HITPOINT WARNING * * *
You feel sick. The adder bites you.
You die...

#.......# #####...#
#........ ........#
#........ ........#
#........ ........#
#.......( ........#
#........ ........#
#......## .....@Sr###
#........ ......S@..#
#......##
.....####.#######'#.###
... #..........#.# .
#..#########.# #..# #.#
#... .. #.## .. ###


You could see Sigmund, an adder, a ball python and a rat.

Vanquished Creatures
  2 dart slugs (D:1)
  7 ball pythons
  2 endoplasms
  3 giant cockroaches (D:1)
  6 goblins
  7 hobgoblins
  2 jackals (D:1)
  A quokka (D:1)
  2 bats (D:1)
  3 frilled lizards (D:1)
  2 kobolds
  3 rats
  A spectral hobgoblin (D:1)
41 creatures vanquished.

Vanquished Creatures (others)
  5 plants (D:1)
5 creatures vanquished.

Grand Total: 46 creatures vanquished

Notes
Turn   | Place    | Note
-------+----------+-------------------------------------------
     0 | D:1      | hawla the Deep Elf Air Elementalist began the quest for the
                  | Orb.
     0 | D:1      | Reached XP level 1. HP: 10/10 MP: 6/6
   284 | D:1      | Reached XP level 2. HP: 15/15 MP: 2/8
   373 | D:1      | Found a faded altar of an unknown god.
   794 | D:1      | Reached XP level 3. HP: 9/19 MP: 3/10
  1018 | D:1      | Learned a level 2 spell: Static Discharge
  1361 | D:2      | Found a runed translucent door.
  1362 | D:2      | Noticed Crazy Yiuf
  1486 | D:2      | Noticed Sigmund
  1497 | D:2      | Slain by an adder

Illustrated notes

Levels and vault maps discovered:
D:1:      roderic_octagonal_star, layout_rooms,
          dreamdust_ecumenical_altar_drowned_temple, minmay_shallow_snake_nest
D:2:      minmay_chambers_of_twos, layout_basic, basic_altar, serial_shops,
          shop, uniq_sigmund, uniq_terence, uniq_crazy_yiuf_cottage

Action                   || total
-------------------------++-------
Melee: Unarmed           ||     6
       Lajatang          ||    23
 Cast: Shock             ||    57
       Static Discharge  ||     4
  Use: Potion            ||     3
       Scroll            ||     2
 Stab: Sleeping          ||     1
Armor: Robe              ||    13
Dodge: Dodged            ||    54
